BR (22 & UNDER)
GILBERT FIRE FIGHTERS @ AMITY GARDENS WESTERNERS
08/21/2029
 
TOP OF THE 1ST
Gilbert Fire Fighters batting - Pitching for Amity Gardens Westerners : RHP Jeffrey Cochran
Pitching: RHP Jeffrey Cochran
Batting: RHB Raúl Ottoboni 0-0: Fly out, F8 (Line Drive, 78M)
Batting: RHB Juan González 0-0: Called Strike
0-1: Fly out, F7 (Line Drive, 7D)
Batting: RHB Zachary Gadsden 0-0: Ball
1-0: Foul Ball, location: 2F
1-1: Ball
2-1: Ball
3-1: Base on Balls
Batting: RHB Travis Mchugh 0-0: Ball
1-0: Foul Ball, location: 2F
1-1: Ball
2-1: Foul Ball, location: 2F
2-2: Ball
3-2: Base on Balls
Zachary Gadsden to second
Batting: RHB Carlos Canales 0-0: Ball
1-0: Foul Ball, location: 2F
1-1: Ball
2-1: Foul Ball, location: 2F
2-2: Ball
3-2: Ground out 3-1 (Groundball, 34)
Top of the 1st over - 0 runs, 0 hits, 0 errors, 2 left on base; Gilbert 0 - Amity Gardens 0
BOTTOM OF THE 1ST
Amity Gardens Westerners batting - Pitching for Gilbert Fire Fighters : RHP Bill Dundon
Pitching: RHP Bill Dundon
Batting: RHB Pat Johnston 0-0: Ball
1-0: Called Strike
1-1: Ball
2-1: Swinging Strike
2-2: Ground out 6-3 (Groundball, 6D)
Batting: LHB Jack Mitchell 0-0: Ball
1-0: Fly out, F6 (Popup, 6M)
Batting: SHB Chris Barrett 0-0: Called Strike
0-1: Ball
1-1: Ball
2-1: SOLO HOME RUN (Flyball, 9LD), Distance : 349 ft
Batting: RHB Carlos Dumenigo 0-0: Ball
1-0: Called Strike
1-1: Ground out 5-3 (Groundball, 56S)
Bottom of the 1st over - 1 run, 1 hit, 0 errors, 0 left on base; Gilbert 0 - Amity Gardens 1
TOP OF THE 2ND
Gilbert Fire Fighters batting - Pitching for Amity Gardens Westerners : RHP Jeffrey Cochran
Batting: LHB Joe Kent 0-0: Called Strike
0-1: Swinging Strike
0-2: Ball
1-2: Fly out, F7 (Flyball, 7LS)
Batting: SHB Germán Roseima 0-0: Called Strike
0-1: DOUBLE (Flyball, 78D)
Batting: LHB Bill Handy 0-0: Foul Ball, location: 2F
0-1: Ball
1-1: Called Strike
1-2: Foul Ball, location: 2F
1-2: Strikes out looking
Batting: LHB Matt Moore 0-0: Ball
1-0: Foul Ball, location: 2F
1-1: Called Strike
1-2: Foul Ball, location: 2F
1-2: Strikes out swinging
Top of the 2nd over - 0 runs, 1 hit, 0 errors, 1 left on base; Gilbert 0 - Amity Gardens 1
BOTTOM OF THE 2ND
Amity Gardens Westerners batting - Pitching for Gilbert Fire Fighters : RHP Bill Dundon
Batting: RHB Jonathon García 0-0: Ball
1-0: Ball
2-0: Called Strike
2-1: Foul Ball, location: 2F
2-2: Ball
3-2: Foul Ball, location: 2F
3-2: Ground out 6-3 (Groundball, 56)
Batting: RHB Gustavo Todd 0-0: Called Strike
0-1: Foul Ball, location: 2F
0-2: Ball
1-2: Ball
2-2: Strikes out swinging
Batting: RHB Justin Tomlinson 0-0: Ball
1-0: Ball
2-0: Ball
3-0: Called Strike
3-1: Foul Ball, location: 2F
3-2: Foul Ball, location: 2F
3-2: Base on Balls
Batting: RHB Jorge García 0-0: Swinging Strike
0-1: Ball
1-1: Called Strike
1-2: Strikes out swinging
Bottom of the 2nd over - 0 runs, 0 hits, 0 errors, 1 left on base; Gilbert 0 - Amity Gardens 1
TOP OF THE 3RD
Gilbert Fire Fighters batting - Pitching for Amity Gardens Westerners : RHP Jeffrey Cochran
Batting: RHB Raúl Ottoboni 0-0: Ball
1-0: Bunted foul
1-1: Foul Ball, location: 2F
1-2: Fly out, F4 (Popup, 4S)
Batting: RHB Juan González 0-0: Called Strike
0-1: Ball
1-1: Ball
2-1: SINGLE (Line Drive, 89M)
Batting: RHB Zachary Gadsden 0-0: Called Strike
0-1: Ball
1-1: Ball
2-1: Foul Ball, location: 2F
2-2: SINGLE (Groundball, 5D)
Juan González to second
Batting: RHB Travis Mchugh 0-0: Foul Ball, location: 2F
0-1: Ball
1-1: Fielders Choice at 2nd, 3-6 (Groundball, 34)
Juan González to third
Batting: RHB Carlos Canales 0-0: Ball
1-0: Ball
2-0: Called Strike
2-1: Foul Ball, location: 2F
2-2: Ball
3-2: Foul Ball, location: 2F
3-2: Ground out 4-3 (Groundball, 4MS)
Top of the 3rd over - 0 runs, 2 hits, 0 errors, 2 left on base; Gilbert 0 - Amity Gardens 1
BOTTOM OF THE 3RD
Amity Gardens Westerners batting - Pitching for Gilbert Fire Fighters : RHP Bill Dundon
Batting: RHB Peng Shuai 0-0: Fly out, F9 (Flyball, 9LMF)
Batting: RHB Pat Johnston 0-0: Ball
1-0: Ball
2-0: Called Strike
2-1: Swinging Strike
2-2: Ball
3-2: Foul Ball, location: 2F
3-2: Fly out, F7 (Line Drive, 7D)
Batting: LHB Jack Mitchell 0-0: Foul Ball, location: 2F
0-1: Ball
1-1: Ball
2-1: Ball
3-1: Foul Ball, location: 2F
3-2: SINGLE (Groundball, 3D)
Batting: SHB Chris Barrett 0-0: Ball
1-0: Hit by Pitch
Jack Mitchell to second
Batting: RHB Carlos Dumenigo 0-0: Ball
1-0: Ball
2-0: Swinging Strike
2-1: Fielders Choice at 2nd, 5-4 (Groundball, 56)
Bottom of the 3rd over - 0 runs, 1 hit, 0 errors, 2 left on base; Gilbert 0 - Amity Gardens 1
TOP OF THE 4TH
Gilbert Fire Fighters batting - Pitching for Amity Gardens Westerners : RHP Jeffrey Cochran
Batting: LHB Joe Kent 0-0: Ground out U3 (Groundball, 3)
Batting: SHB Germán Roseima 0-0: Ball
1-0: Foul Ball, location: 2F
1-1: Fly out, F6 (Line Drive, 6)
Batting: LHB Bill Handy 0-0: Ball
1-0: Ball
2-0: Called Strike
2-1: Foul Ball, location: 2F
2-2: Strikes out swinging
Top of the 4th over - 0 runs, 0 hits, 0 errors, 0 left on base; Gilbert 0 - Amity Gardens 1
BOTTOM OF THE 4TH
Amity Gardens Westerners batting - Pitching for Gilbert Fire Fighters : RHP Bill Dundon
Batting: RHB Jonathon García 0-0: Ball
1-0: Swinging Strike
1-1: Foul Ball, location: 2F
1-2: Foul Ball, location: 2F
1-2: Strikes out looking
Batting: RHB Gustavo Todd 0-0: Ball
1-0: Ball
2-0: Ground out 6-3 (Groundball, 6)
Pitching: RHP Jorge Álvarez
Batting: RHB Justin Tomlinson 0-0: Fly out, F8 (Flyball, 8RD)
Bottom of the 4th over - 0 runs, 0 hits, 0 errors, 0 left on base; Gilbert 0 - Amity Gardens 1
TOP OF THE 5TH
Gilbert Fire Fighters batting - Pitching for Amity Gardens Westerners : RHP Jeffrey Cochran
Batting: LHB Matt Moore 0-0: Swinging Strike
0-1: Ground out 4-3 (Groundball, 4M)
Batting: RHB Raúl Ottoboni 0-0: Foul Ball, location: 2F
0-1: Ball
1-1: Swinging Strike
1-2: SINGLE (Flyball, 89S)
Batting: RHB Juan González 0-0: Ball
1-0: Fly out, F3 (Popup, 23)
Batting: RHB Zachary Gadsden 0-0: Ball
1-0: Fly out, F7 (Flyball, 7S)
Top of the 5th over - 0 runs, 1 hit, 0 errors, 1 left on base; Gilbert 0 - Amity Gardens 1
BOTTOM OF THE 5TH
Amity Gardens Westerners batting - Pitching for Gilbert Fire Fighters : RHP Jorge Álvarez
Batting: RHB Jorge García 0-0: Foul Ball, location: 2F
0-1: Foul Ball, location: 2F
0-2: Strikes out swinging
Batting: RHB Peng Shuai 0-0: Ball
1-0: Swinging Strike
1-1: Called Strike
1-2: Foul Ball, location: 2F
1-2: Reached on error, E3 (Groundball, 3L)
Batting: RHB Pat Johnston 0-0: Called Strike
0-1: Ball
1-1: 2-RUN HOME RUN (Flyball, 7D), Distance : 378 ft
Batting: LHB Jack Mitchell 0-0: Called Strike
0-1: Swinging Strike
0-2: Foul Ball, location: 2F
0-2: Fly out, F7 (Line Drive, 78M)
Batting: SHB Chris Barrett 0-0: Foul Ball, location: 2F
0-1: Ball
1-1: Fly out, F8 (Flyball, 8LXD)
Bottom of the 5th over - 2 runs, 1 hit, 1 error, 0 left on base; Gilbert 0 - Amity Gardens 3
TOP OF THE 6TH
Gilbert Fire Fighters batting - Pitching for Amity Gardens Westerners : RHP Jeffrey Cochran
Batting: RHB Travis Mchugh 0-0: Called Strike
0-1: Foul Ball, location: 2F
0-2: Ground out 4-3 (Groundball, 4S)
Batting: RHB Carlos Canales 0-0: Ball
1-0: Foul Ball, location: 2F
1-1: Called Strike
1-2: Foul Ball, location: 2F
1-2: Strikes out swinging
Batting: LHB Joe Kent 0-0: Ball
1-0: Ball
2-0: Ground out 4-3 (Groundball, 4)
Top of the 6th over - 0 runs, 0 hits, 0 errors, 0 left on base; Gilbert 0 - Amity Gardens 3
BOTTOM OF THE 6TH
Amity Gardens Westerners batting - Pitching for Gilbert Fire Fighters : RHP Jorge Álvarez
Batting: RHB Carlos Dumenigo 0-0: Ball
1-0: Ball
2-0: Ball
3-0: Base on Balls
Batting: RHB Jonathon García 0-0: Ball
1-0: Foul Ball, location: 2F
1-1: Foul Ball, location: 2F
1-2: Strikes out swinging
Batting: RHB Gustavo Todd 0-0: Called Strike
0-1: Ball
1-1: Ball
2-1: Swinging Strike
2-2: Strikes out swinging
Batting: RHB Justin Tomlinson 0-0: Called Strike
0-1: Called Strike
Carlos Dumenigo steals 2nd base
0-2: Ball
1-2: Ball
2-2: Strikes out swinging
Bottom of the 6th over - 0 runs, 0 hits, 0 errors, 1 left on base; Gilbert 0 - Amity Gardens 3
TOP OF THE 7TH
Gilbert Fire Fighters batting - Pitching for Amity Gardens Westerners : RHP Jeffrey Cochran
Batting: SHB Germán Roseima 0-0: Foul Ball, location: 2F
0-1: Ball
1-1: Ground out 4-3 (Groundball, 4)
Batting: LHB Bill Handy 0-0: Ball
1-0: Called Strike
1-1: Ground out 6-3 (Groundball, 6)
Batting: LHB Matt Moore 0-0: Swinging Strike
0-1: Ball
1-1: Swinging Strike
1-2: Ball
2-2: Foul Ball, location: 2F
2-2: Foul Ball, location: 2F
2-2: SINGLE (Groundball, 23) (infield hit)
Batting: RHB Raúl Ottoboni 0-0: Ball
1-0: Ball
2-0: Ball
3-0: Called Strike
3-1: Fly out, F9 (Flyball, 9LM)
Top of the 7th over - 0 runs, 1 hit, 0 errors, 1 left on base; Gilbert 0 - Amity Gardens 3
BOTTOM OF THE 7TH
Amity Gardens Westerners batting - Pitching for Gilbert Fire Fighters : RHP Jorge Álvarez
Batting: RHB Jorge García 0-0: Ball
1-0: Foul Ball, location: 2F
1-1: Ball
2-1: Foul Ball, location: 2F
2-2: Fly out, F6 (Line Drive, 56)
Batting: RHB Peng Shuai 0-0: Ball
1-0: Foul Ball, location: 2F
1-1: Foul Ball, location: 2F
1-2: Strikes out swinging
Batting: RHB Pat Johnston 0-0: Ball
1-0: Called Strike
1-1: Ball
2-1: Called Strike
2-2: Strikes out swinging
Bottom of the 7th over - 0 runs, 0 hits, 0 errors, 0 left on base; Gilbert 0 - Amity Gardens 3
TOP OF THE 8TH
Gilbert Fire Fighters batting - Pitching for Amity Gardens Westerners : RHP Jeffrey Cochran
Now in LF: William Ewing
Now in RF: Josh Bergman
Batting: RHB Juan González 0-0: Called Strike
0-1: Swinging Strike
0-2: Foul Ball, location: 2F
0-2: Strikes out swinging
Batting: RHB Zachary Gadsden 0-0: SINGLE (Flyball, 4MD)
Batting: RHB Travis Mchugh 0-0: Grounds into double play, 4-6-3 (Groundball, 4)
Top of the 8th over - 0 runs, 1 hit, 0 errors, 0 left on base; Gilbert 0 - Amity Gardens 3
BOTTOM OF THE 8TH
Amity Gardens Westerners batting - Pitching for Gilbert Fire Fighters : RHP Jorge Álvarez
Batting: RHB William Ewing 0-0: Called Strike
0-1: Ground out 5-3 (Groundball, 56S)
Batting: SHB Chris Barrett 0-0: Ball
1-0: Ball
2-0: Swinging Strike
2-1: Foul Ball, location: 2F
2-2: Ball
3-2: Base on Balls
Pitching: RHP Dave Brooks
Batting: RHB Carlos Dumenigo 0-0: Ball
1-0: Ball
2-0: Called Strike
2-1: Foul Ball, location: 2F
2-2: Foul Ball, location: 2F
2-2: SINGLE (Groundball, 56D)
Chris Barrett to second
Batting: RHB Jonathon García 0-0: Ball
1-0: Fly out, F8 (Flyball, 89M)
Batting: RHB Gustavo Todd 0-0: Foul Ball, location: 2F
0-1: Foul Ball, location: 2F
0-2: Foul Ball, location: 2F
0-2: Ball
1-2: Strikes out swinging
Bottom of the 8th over - 0 runs, 1 hit, 0 errors, 2 left on base; Gilbert 0 - Amity Gardens 3
TOP OF THE 9TH
Gilbert Fire Fighters batting - Pitching for Amity Gardens Westerners : RHP Jeffrey Cochran
Batting: RHB Carlos Canales 0-0: Called Strike
0-1: Ground out 4-3 (Groundball, 4D)
Batting: LHB Joe Kent 0-0: Foul Ball, location: 2F
0-1: Swinging Strike
0-2: Strikes out swinging
Batting: SHB Germán Roseima 0-0: Ball
1-0: Ball
2-0: Ground out 4-3 (Groundball, 4S)
Top of the 9th over - 0 runs, 0 hits, 0 errors, 0 left on base; Gilbert 0 - Amity Gardens 3
Saturday, December 16th, 2017 - OOTP Baseball 18.8 Build 76